 Dungeon Crawl Stone Soup version 0.30.1-11-g7821555f0a (webtiles) character file.

Game seed: 6554347681751563834

1299 FinalFate the Basher (level 8, 0/71 HPs)
             Began as a Minotaur Berserker on Jan 12, 2024.
             Was an Elder of Trog.
             Slain by a gnoll
             ... wielding a +0 spear
             ... led by a gnoll bouda
              (7 damage)
             ... on level 6 of the Dungeon on Jan 15, 2024.
             The game lasted 00:20:13 (5061 turns).

FinalFate the Basher (Minotaur Berserker)           Turns: 5061, Time: 00:20:14

Health: 0/71       AC: 11    Str: 24    XL:     8   Next: 31%
Magic:  7/7        EV: 10    Int:  4    God:    Trog [****..]
Gold:   447        SH:  4    Dex: 10    Spells: 7/7 levels left

rFire   . . .        s - +0 great mace
rCold   . . .        (shield currently unavailable)
rNeg    . . .        l - +0 chain mail
rPois   .            (helmet restricted)
rElec   .            (no cloak)
rCorr   .            v - +0 pair of gloves
SInv    .            (no boots)
Will    .....        (no amulet) Stlth
                     (no ring)
HPRegen 0.31/turn    (no ring)
MPRegen 0.10/turn

%: no passive effects
@: on berserk cooldown, slowed, very slow
A: horns 2, retaliatory headbutt, large bone plates 1, wild magic 1, MP-powered
wands
a: Renounce Religion, Berserk, Trog's Hand, Brothers in Arms


You were on level 6 of the Dungeon.
You worshipped Trog.
Trog was greatly pleased with you.
You visited 1 branch of the dungeon, and saw 6 of its levels.

You collected 447 gold pieces.

Inventory:

Hand Weapons
 a - a +0 mace
 s - a +0 great mace (weapon)
Missiles
 w - a throwing net (quivered)
Armour
 b - a +0 animal skin
 c - a +0 leather armour of fire resistance
 l - a +0 chain mail (worn)
 v - a +0 pair of gloves (worn)
Jewellery
 A - a ring of resist corrosion
Wands
 p - a wand of polymorph (10)
 y - a wand of flame (24)
Scrolls
 d - 2 scrolls of fear {unknown}
 f - 8 scrolls of identify {unknown}
 j - 2 scrolls of teleportation {unknown}
 k - a scroll of amnesia {unknown}
 o - 3 scrolls of magic mapping {unknown}
 t - a scroll of fog {unknown}
 u - a scroll of brand weapon {unknown}
Potions
 e - a potion of cancellation
 g - 2 potions of curing
 h - 4 potions of mutation
 i - 2 potions of heal wounds {unknown}
 m - 3 potions of invisibility {unknown}
 n - a potion of flight {unknown}
 q - 2 potions of ambrosia {unknown}
 r - 3 potions of might {unknown}
 x - a potion of magic {unknown}
 z - a potion of brilliance {unknown}


   Skills:
 + Level 6.8 Fighting
 + Level 9.3 Maces & Flails
 + Level 5.5 Armour
 + Level 4.0 Dodging
 + Level 0.9 Shields


You had 7 spell levels left.
You didn't know any spells.
Your spell library was empty.

Dungeon Overview and Level Annotations

Branches:
Dungeon (6/15)             Temple (0/1) D:4

Altars:
Ashenzari
Fedhas
Uskayaw
Zin


Innate Abilities, Weirdness & Mutations

You have a pair of horns on your head.
You reflexively headbutt those who attack you in melee.
You are partially covered in large bone plates. (SH +4)
Your spells are a little harder to cast, but a little more powerful.
You expend magic power (3 MP) to strengthen your wands.


Message History

The gnoll hits you from afar with a +0 halberd.
You sock the orc!
You kill the orc!
Trog accepts your kill. The orc hits you but does no damage.
An orc priest comes into view. It is wielding a +0 short sword.
The gnoll hits you from afar with a +0 halberd!
You barely miss the orc.
The orc priest shouts!
The gnoll hits you but does no damage. The gnoll bouda barely misses you.
You block the orc's attack. The orc hits you with a +0 hand axe.
* * * LOW HITPOINT WARNING * * *
You bludgeon the orc!!
You kill the orc!
Trog accepts your kill. The adder barely misses you. The gnoll misses you.
The gnoll hits you but does no damage. The orc barely misses you.
The orc throws a boomerang.
The boomerang misses you. The gnoll bouda closely misses you.
The adder bites you but does no damage.
You closely miss the adder. You headbutt the adder!
You kill the adder!
Trog accepts your kill. The gnoll barely misses you.
The gnoll hits you but does no damage. The orc hits you but does no damage.
The gnoll hits you with a +0 whip.
* * * LOW HITPOINT WARNING * * *
You completely miss the gnoll.
You are no longer berserk.
You are exhausted.
You feel yourself slow down.
The gnoll hits you from afar with a +0 halberd.
* * * LOW HITPOINT WARNING * * *
The gnoll closely misses you. The orc barely misses you.
You block the gnoll bouda's attack. The orc barely misses you.
The gnoll hits you but does no damage.
You barely miss the gnoll. Your headbutt misses the gnoll.
The gnoll closely misses you.
The gnoll hits you from afar with a +0 halberd!
* * * LOW HITPOINT WARNING * * *
The gnoll hits you from afar with a +0 spear!
You die...

.. ... ##+## ####
...##...###....
....o..........
.......g.g.....
.....oogg......
#.g@###### #####
#...##...####...##
#................#
#................#
#................#
#...##...#########
#...##...###.....###
#..........#......#..
#..........'.........


You could see a gnoll bouda, an orc priest, 4 gnolls and 2 orcs.

Vanquished Creatures
  A water moccasin (D:6)
  A black bear (D:5)
  2 ogres (D:5)
  2 scorpions
  2 hounds (D:5)
  4 jellies
  2 orc priests (D:4)
  3 gnoll boudas (D:5)
  An orc wizard (D:4)
  Robin (D:2)
  14 gnolls
  A river rat (D:4)
  10 adders
  A white imp (D:5)
  7 worms
  2 dart slugs
  15 orcs
  6 ball pythons
  8 bats
  20 endoplasms
  5 giant cockroaches
  22 goblins
  7 hobgoblins
  15 jackals
  14 kobolds
  8 quokkas
  3 frilled lizards
  4 rats
181 creatures vanquished.

Notes
Turn   | Place    | Note
-------+----------+-------------------------------------------
     0 | D:1      | FinalFate the Minotaur Berserker began the quest for the
                  | Orb.
     0 | D:1      | Reached XP level 1. HP: 19/19 MP: 0/0
   114 | D:1      | Reached XP level 2. HP: 20/27 MP: 1/1
   127 | D:1      | Reached skill level 4 in Maces & Flails
   348 | D:1      | Reached XP level 3. HP: 33/34 MP: 2/2
   685 | D:1      | Reached ** piety under Trog
  1337 | D:2      | Reached XP level 4. HP: 35/41 MP: 3/3
  1663 | D:2      | Noticed Robin
  1681 | D:2      | Killed Robin
  1686 | D:2      | Reached *** piety under Trog
  1802 | D:2      | Reached XP level 5. HP: 47/47 MP: 4/4
  1832 | D:2      | Reached skill level 5 in Fighting
  1832 | D:2      | Reached skill level 5 in Maces & Flails
  1849 | D:2      | Gained mutation: You expend magic power (3 MP) to
                  | strengthen your wands. [potion of mutation]
  1849 | D:2      | Gained mutation: You are partially covered in large bone
                  | plates. (SH +4) [potion of mutation]
  1849 | D:2      | Gained mutation: Your spells are a little harder to cast,
                  | but a little more powerful. [potion of mutation]
  2077 | D:3      | Found a glowing silver altar of Zin.
  2088 | D:3      | Found a blossoming altar of Fedhas.
  2519 | D:3      | Reached **** piety under Trog
  2811 | D:4      | Reached XP level 6. HP: 56/56 MP: 5/5
  2817 | D:4      | Reached skill level 6 in Maces & Flails
  2944 | D:4      | Found a hide-covered altar of Uskayaw.
  2989 | D:4      | Found a staircase to the Ecumenical Temple.
  3674 | D:4      | Reached skill level 7 in Maces & Flails
  3876 | D:4      | Reached XP level 7. HP: 61/61 MP: 6/6
  4069 | D:5      | Entered Level 5 of the Dungeon
  4307 | D:5      | Reached skill level 8 in Maces & Flails
  4514 | D:5      | Reached XP level 8. HP: 67/71 MP: 7/7
  4531 | D:5      | Reached skill level 5 in Armour
  4741 | D:5      | Found a broken altar of Ashenzari.
  4906 | D:6      | Reached skill level 9 in Maces & Flails
  5061 | D:6      | Slain by a gnoll

Illustrated notes

Levels and vault maps discovered:
D:1:      zelgadis_glass_arrival_small, layout_basic, nicolae_eternal_life
D:2:      cheibrodos_fertilizer, layout_rooms, st_stairs_1,
          kennysheep_cross_room, uniq_robin
D:3:      layout_loops_cross, fedhas_altar_2, amcnicky_altar_gilded
D:4:      layout_loops_corners, pf_just_have_faith, temple_pool_b,
          gup_sewer_entry_bubbles
D:5:      layout_rooms, kennysheep_little_box, serial_bayou_pond_a
D:6:      layout_gridville

Skill      XL: |  1  2  3  4  5  6  7  8 |
---------------+-------------------------+-----
Fighting       | 4 5 6 |  6.8
Maces & Flails | 4 5 7 8 9 |  9.3
Dodging        | 3 4 |  4.0
Armour         | 3 4 5 |  5.5
Shields        | |  0.9

Action                     |  1- 3 |  4- 6 |  7- 9 || total
---------------------------+-------+-------+-------++-------
  Melee: Mace              |    71 |   130 |       ||   201
         Headbutt          |     8 |    17 |    17 ||    42
         Great mace        |       |    42 |    75 ||   117
 Invoke: Berserk           |     2 |     5 |     4 ||    11
    Use: Potion            |       |     4 |       ||     4
 Armour: Animal skin       |     4 |       |       ||     4
         Leather armour    |    21 |     4 |       ||    25
         Chain mail        |       |    74 |    37 ||   111
  Dodge: Dodged            |    80 |    97 |    65 ||   242
  Block: Other             |       |    13 |    21 ||    34
